 Dungeon Crawl Stone Soup version 0.31-a0-875-g02e7d12df6 (webtiles) character file.

Game seed: 11747346222852020397

36735 Newt the Markskobold (level 14, -17/77 HPs)
             Began as a Kobold Hunter on Oct 12, 2023.
             Was an Elder of Hepliaklqana.
             Demolished by a minotaur
             ... wielding a staff of air
              (27 damage)
             ... in a Gauntlet.
             The game lasted 00:18:38 (12114 turns).

Newt the Markskobold (Kobold Hunter)               Turns: 12114, Time: 00:18:38

Health: -17/77     AC: 12    Str:  8    XL:     14   Next: 25%
Magic:  21/21      EV: 29    Int: 10    God:    Hepliaklqana [****..]
Gold:   360        SH:  0    Dex: 24    Spells: 19/23 levels left

rFire   + . .        x - +6 orcbow "Xamnusul" {heavy, Stlth+}
rCold   . . .        (shield currently unavailable)
rNeg    . . .        y - +0 leather armour of Autumn {Contam rPois Regen+ Stlth+}
rPois   +            E - +2 helmet "Haucyn" {rF+}
rElec   .            T - +2 cloak of the Thief {*Fog Slay-2 SInv Stlth+}
rCorr   .            S - +0 pair of gloves {infuse}
SInv    +            (no boots)
Will    .....        n - amulet of regeneration
Stlth   ++++++       v - +5 ring of evasion
HPRegen 1.92/turn    J - ring of see invisible
MPRegen 0.17/turn

%: no teleportation, infuse magic (1 MP)
@: weak-willed, studying Throwing
A: reduced essence, small, no large weapons, nightstalker 3
a: Renounce Religion, Recall Ancestor, Ancestor Identity, Transference, Idealise


You were in a Gauntlet.
You worshipped Hepliaklqana.
Hepliaklqana was greatly pleased with you.
You visited 2 branches of the dungeon, and saw 15 of its levels.
You also visited: Gauntlet.

You collected 897 gold pieces.
You spent 537 gold pieces at shops.

Inventory:

Hand Weapons
 a - a +1 shortbow of freezing
 x - the +6 orcbow "Xamnusul" (weapon) {heavy, Stlth+}
   (You bought it in a shop on level 6 of the Dungeon)

   Stlth+:    It makes you more stealthy.
Armour
 c - a +0 leather armour
 e - a +2 cloak of preservation
 i - a +1 pair of boots
 w - the +18 Lear's hauberk
   (You found it on level 6 of the Dungeon)
 y - the +0 leather armour of Autumn (worn) {Contam rPois Regen+ Stlth+}
   (You took it off a gnoll on level 7 of the Dungeon)

   rPois:     It protects you from poison Contam: It causes magical
   contamination when unequipped.
   Regen+:    It increases your rate of health regeneration.
   Stlth+:    It makes you more stealthy.
 z - an orb of light
 E - the +2 helmet "Haucyn" (worn) {rF+}
   (You found it on level 9 of the Dungeon)

   rF+:       It protects you from fire.
 S - a +0 pair of gloves of infusion (worn)
 T - the +2 cloak of the Thief (worn) {*Fog Slay-2 SInv Stlth+}
   (You found it in a Gauntlet)

   *Fog:      It may release a thick cloud of smoke when the wearer is hurt.
   Slay-2:    It affects your accuracy & damage with ranged weapons and melee
   (-2).
   SInv:      It lets you see invisible.
   Stlth+:    It makes you more stealthy.
 U - a +0 kite shield
 V - the +0 helmet of Honour {-Cast rElec Will+ Str+3}
   (You found it in a Gauntlet)

   Str+3:     It affects your strength (+3).
   rElec:     It insulates you from electricity.
   Will+:     It increases your willpower.
   -Cast:     It prevents spellcasting.
Jewellery
 b - a +4 ring of protection
 n - an amulet of regeneration (around neck)
 v - a +5 ring of evasion (left hand)
 H - a ring of flight
 J - a ring of see invisible (right hand)
 O - a ring of wizardry
 Q - a ring of protection from fire
Wands
 m - a wand of polymorph (11)
 t - a wand of acid (4)
 u - a wand of paralysis (5)
 B - a wand of iceblast (13)
 G - a wand of mindburst (7)
 P - a wand of flame (4)
Scrolls
 f - 2 scrolls of noise
 g - 11 scrolls of teleportation
 o - 2 scrolls of enchant armour
 q - a scroll of enchant weapon
 s - 3 scrolls of immolation
 A - a scroll of vulnerability
 C - 4 scrolls of identify
 D - a scroll of revelation
 F - a scroll of blinking
 I - a scroll of brand weapon
 M - a scroll of amnesia
Potions
 d - 4 potions of haste
 h - 2 potions of enlightenment
 j - 6 potions of curing
 k - 3 potions of ambrosia
 l - 5 potions of heal wounds
 p - 3 potions of mutation
 r - a potion of attraction
 L - 2 potions of resistance
Miscellaneous
 N - a lightning rod (4/4)
 R - a box of beasts


   Skills:
 - Level 9.0 Fighting
 - Level 15.0 Ranged Weapons
 - Level 8.0 Armour
 - Level 12.0 Dodging
 - Level 1.3 Stealth
 - Level 5.1 Spellcasting
 - Level 5.1 Hexes
 - Level 9.3 Transmutations
 + Level 1.0 Invocations
 - Level 9.0 Evocations


You had 19 spell levels left.
You knew the following spells:

 Your Spells              Type           Power      Damage    Failure   Level
a - Jinxbite              Hex            24%        N/A       5%          2
b - Wereblood             Tmut           21%        N/A       1%          2

Your spell library contained the following spells:

 Spells                   Type           Power      Damage    Failure   Level
 Sting                    Tmut/Pois      44%        1d5       4%          1
 Passwall                 Tmut/Erth      9%         N/A       7%          2
 Confusing Touch          Hex            12%        N/A       11%         3
 Ensorcelled Hibernation  Hex/Ice        14%        N/A       16%         2
 Ignite Poison            Fire/Tmut/Pois 8%         N/A       26%         3
 Kiss of Death            Conj/Necr      8%         2d6       30%         1
 Sandblast                Erth           4%         2d4       30%         1
 Poisonous Vapours        Pois/Air       4%         N/A       41%         2
 Stone Arrow              Conj/Erth      4%         3d7       65%         3
 Anguish                  Hex/Necr       3%         N/A       71%         4
 Irradiate                Conj/Tmut      5%         3d13      77%         5
 Brom's Barrelling Bould  Conj/Erth      2%         2d3       96%         4
 Dispel Undead            Necr           2%         3d7       96%         4
 Manifold Assault         Tloc           2%         N/A       96%         4
 Olgreb's Toxic Radiance  Pois           2%         N/A       96%         4
 Sticky Flame             Conj/Fire      2%         2d3       96%         4
 Iskenderun's Battlesphe  Conj           2%         2d6       100%        5
 Bombard                  Conj/Erth      1%         9d1       100%        6
 Malign Gateway           Summ/Tloc      1%         N/A       100%        7
 Spellforged Servitor     Conj/Summ      1%         N/A       100%        7
 Ignition                 Fire           1%         3d3       100%        8


Dungeon Overview and Level Annotations

Branches:
Dungeon (14/15)            Temple (1/1) D:6            Lair (0/5) D:11
    Orc (0/2) D:9          Vaults (0/5) D:13        Gauntlet (1/1)

Altars:
Ashenzari
Cheibriados
Dithmenos
Elyvilon
Fedhas
Gozag
Hepliaklqana
Kikubaaqudgha
Makhleb
Nemelex Xobeh
Okawaru
Qazlal
Ru
Sif Muna
Trog
Uskayaw
Vehumet
Wu Jian
Xom
Yredelemnul
Zin
The Shining One

Shops:
D:2 ?   D:5 !   D:6 (   D:7 (   D:10 *

Annotations:
D:9 Erolcha Gauntlet 2 transporters, 1 runed translucent door


Innate Abilities, Weirdness & Mutations

Your life essence is reduced to manifest your ancestor. (-10% HP)
You are small and have problems with some larger weapons.
You are completely attuned to the shadows.


Message History

The minotaur completely misses you.
The minotaur gores you but does no damage.
Unknown command.
Unknown command.
Unknown command.
You shoot an arrow. The arrow hits the minotaur!
The minotaur is severely wounded.
The minotaur hits you but does no damage.
You are electrocuted.
The minotaur barely misses you.
Unknown command.
Unknown command.
Fire: x) +6 orcbow "Xamnusul" {heavy, Stlth+}
Press: ? - help, Shift-Dir - straight line, f/p - minotaur
Aim: a minotaur, wielding a staff of air, wearing a +0 plate armour and quivering silver javelins (severely wounded, chance to call a sprite on attack: 1%, 82% to hit)
Blink to where?
Press: ? - help, Dir - move target, p - minotaur
As you read the scroll of blinking, it crumbles to dust.
You shoot an arrow.
The arrow hits the minotaur but does no damage.
The minotaur is heavily wounded.
You shoot an arrow. The arrow hits the minotaur!
The minotaur is severely wounded.
The jinxing sprites lose interest in you.
You shoot an arrow.
The arrow hits the minotaur but does no damage.
The minotaur is severely wounded.
The minotaur closely misses you. The minotaur gores you!
With a swish of your cloak, you release a cloud of fog.
Unknown command.
You shoot an arrow. The arrow barely misses the minotaur.
The minotaur hits you with a staff of air!!
* * * LOW HITPOINT WARNING * * *
With a swish of your cloak, you release a cloud of fog.
You are electrocuted.
* * * LOW HITPOINT WARNING * * *
The minotaur gores you.
* * * LOW HITPOINT WARNING * * *
Unknown command.
The minotaur hits you with a staff of air!!
You die...

###########.©..©.#######
###......# ..........
.......... #.###.###.
###.###.### #§§.........
#§###.###.## #@###.###.#
#§H§....... #######'###
... .### ..


You could see a minotaur.

Vanquished Creatures
  Snorg (D:10)
  A yaktaur captain (D:13)
  The ghost of TheSexyCheese the Destroyer, a journeyman GrFE of Vehumet (D:12)
  2 hydras (D:13)
  2 centaur warriors (D:13)
  The ghost of CalledCrash the Swashbuckler, a journeyman HuWn of Jiyva (D:11)
  4 two-headed ogres
  A tengu warrior (D:13)
  5 boulder beetles
  A deep elf knight (D:13)
  Amaemon (D:10)
  A flayed ghost (D:13)
  The ghost of PowderKeg the Chopper, a novice GnCA of Ignis (D:5)
  Pikel (D:5)
  A harpy (D:13)
  2 cyclopes (D:13)
  A wolf spider (D:13)
  2 manticores
  3 ugly things (D:13)
  A moth of wrath (D:11)
  An apocalypse crab (Gauntlet)
  An orange demon (D:10)
  5 gargoyles
  2 unseen horrors
  2 efreet (D:13)
  A komodo dragon (D:13)
  2 kobold demonologists
  2 yaktaurs (D:13)
  A queen bee (D:12)
  A hornet (D:11)
  4 trolls
  Grinder (D:6)
  Prince Ribbit (D:6)
  A meliai (D:13)
  A raiju (Gauntlet)
  Sigmund (D:5)
  A shadow (D:12)
  A wyvern (D:7)
  2 wraiths (D:13)
  12 yaks
  A steam dragon (Gauntlet)
  A basilisk (D:13)
  4 vampire mosquitoes
  2 acid dragons
  4 water moccasins
  A floating eye (Gauntlet)
  2 ice beasts (D:6)
  3 orc warriors
  11 centaurs
  4 lemures (D:5)
  A phantom (D:7)
  6 bullfrogs
  5 kobold brigands
  3 scorpions
  11 wights
  20 killer bees
  5 howler monkeys
  2 hounds
  2 jellies
  7 orc priests
  A centaur skeleton (D:5)
  Crazy Yiuf (D:2)
  A gnoll bouda (D:7)
  Jessica (D:2)
  Ijyb (D:5)
  3 iguanas
  10 orc wizards
  4 adders
  8 gnolls
  A white imp (D:5)
  A worm (D:2)
  2 dart slugs
  31 orcs
  4 ball pythons
  5 endoplasms
  2 giant cockroaches
  6 hobgoblins
  2 jackals (D:1)
  A quokka (D:3)
  4 bats
  3 frilled lizards
  8 goblins
  17 kobolds
  7 rats
295 creatures vanquished.

Vanquished Creatures (collateral kills)
  A death knight (D:13)
  A boulder beetle (D:13)
  A two-headed ogre (D:11)
  A shining eye (Gauntlet)
  2 meliai (D:13)
  A hornet (D:9)
  A wyvern (D:10)
  A vampire (D:10)
  3 yaks
  2 vampire mosquitoes
  A water moccasin (D:8)
  An orc warrior (D:8)
  A centaur (D:13)
  A kobold brigand (D:9)
  A bullfrog (D:9)
  A scorpion (D:11)
  A wight (D:9)
  A wyvern skeleton (D:5)
  2 killer bees (D:11)
  3 howler monkeys
  An orc priest (D:8)
  An orc wizard (D:11)
  A howler monkey skeleton (D:5)
  5 orcs
  4 kobolds
39 creatures vanquished.

Vanquished Creatures (others)
  4 knights
  3 ancestors
7 creatures vanquished.

Grand Total: 341 creatures vanquished

Notes
Turn   | Place    | Note
-------+----------+-------------------------------------------
     0 | D:1      | Newt the Kobold Hunter began the quest for the Orb.
     0 | D:1      | Reached XP level 1. HP: 12/12 MP: 1/1
   228 | D:1      | Reached XP level 2. HP: 15/18 MP: 2/2
   814 | D:2      | Reached XP level 3. HP: 23/23 MP: 3/3
  1436 | D:2      | Noticed Jessica
  1445 | D:2      | Killed Jessica
  1446 | D:2      | Reached XP level 4. HP: 29/30 MP: 4/4
  1629 | D:2      | Found Kuxoeg's Magic Scroll Shoppe.
  1636 | D:2      | Bought a scroll of poison for 52 gold pieces
  1636 | D:2      | Bought a scroll of noise for 13 gold pieces
  1687 | D:2      | Reached skill level 5 in Fighting
  1722 | D:2      | Identified the +3 hammer of Gehad {freeze, rElec}
  1729 | D:2      | Found a runed translucent door.
  1732 | D:2      | Noticed Crazy Yiuf
  1750 | D:2      | Killed Crazy Yiuf
  1751 | D:2      | Reached XP level 5. HP: 35/35 MP: 5/5
  1984 | D:3      | Reached skill level 6 in Ranged Weapons
  2051 | D:3      | Found a basalt altar of Yredelemnul.
  2054 | D:3      | Found a shimmering blue altar of Sif Muna.
  2059 | D:3      | Found a blossoming altar of Fedhas.
  2181 | D:3      | Reached skill level 7 in Ranged Weapons
  2184 | D:3      | Reached XP level 6. HP: 24/40 MP: 6/6
  2867 | D:4      | Reached skill level 8 in Ranged Weapons
  3339 | D:5      | Entered Level 5 of the Dungeon
  3440 | D:5      | Found Aquruam's Distillery.
  3443 | D:5      | Bought a potion of curing for 42 gold pieces
  3525 | D:5      | Reached XP level 7. HP: 40/44 MP: 7/7
  3535 | D:5      | Reached skill level 9 in Ranged Weapons
  3646 | D:5      | Noticed Sigmund
  3651 | D:5      | Killed Sigmund
  3652 | D:5      | Reached skill level 10 in Ranged Weapons
  3652 | D:5      | Reached skill level 1 in Spellcasting
  3652 | D:5      | Reached skill level 1 in Hexes
  3655 | D:5      | Learned a level 2 spell: Jinxbite
  3785 | D:5      | Found a burning altar of Makhleb.
  3895 | D:5      | Reached XP level 8. HP: 47/49 MP: 10/10
  4021 | D:5      | Noticed Ijyb
  4031 | D:5      | Killed Ijyb
  4190 | D:5      | Found a transporter.
  4192 | D:5      | Found a transporter.
  4192 | D:5      | Noticed PowderKeg's ghost (novice GnCA)
  4206 | D:5      | Noticed Pikel
  4209 | D:5      | Paralysed by Pikel for 4 turns
  4223 | D:5      | Paralysed by Pikel for 2 turns
  4226 | D:5      | Killed Pikel
  4336 | D:6      | Identified the +0 long sword of Due Proportion {distort,
                  | rC+ Will+}
  4389 | D:6      | Found Utian's Antique Weapon Boutique.
  4555 | D:6      | Found a staircase to the Ecumenical Temple.
  4564 | Temple   | Entered the Ecumenical Temple
  4581 | Temple   | Became a worshipper of Hepliaklqana the Forgotten
  4619 | D:6      | Noticed Prince Ribbit
  4647 | D:6      | Killed Prince Ribbit
  4648 | D:6      | Reached skill level 5 in Spellcasting
  4648 | D:6      | Reached skill level 5 in Hexes
  4648 | D:6      | Reached XP level 9. HP: 54/54 MP: 13/16
  4690 | D:6      | Found the +18 Lear's hauberk
  4845 | D:6      | Noticed Grinder
  4857 | D:6      | Paralysed by Grinder for 4 turns
  4864 | D:6      | Paralysed by Grinder for 2 turns
  4867 | D:6      | Killed Grinder
  4868 | D:6      | Reached skill level 5 in Dodging
  5096 | D:6      | Bought a crude orcbow for 178 gold pieces
  5096 | D:6      | Identified the +6 orcbow "Xamnusul" {heavy, Stlth+} (You
                  | bought it in a shop on level 6 of the Dungeon)
  5174 | D:7      | Reached skill level 1 in Armour
  5181 | D:7      | Identified the +0 leather armour of Autumn {Contam rPois
                  | Regen+ Stlth+}
  5267 | D:7      | Identified the +2 robe "Imnid" {rC- rCorr Int+5 Dex+2}
  5339 | D:7      | Found Ybuiteurr's Antique Weapon Shoppe.
  5443 | D:7      | Found a large runed translucent door.
  5443 | D:7      | Found a large runed translucent door.
  5679 | D:7      | Found a snail-covered altar of Cheibriados.
  5686 | D:7      | Found a glowing silver altar of Zin.
  5752 | D:8      | Reached * piety under Hepliaklqana
  5757 | D:8      | Reached XP level 10. HP: 53/53 MP: 17/17
  5777 | D:8      | Reached skill level 5 in Armour
  5866 | D:5      | Killed PowderKeg's ghost
  6001 | D:8      | Noticed a two-headed ogre
  6008 | D:8      | Killed a two-headed ogre
  6378 | D:9      | Noticed Erolcha
  6459 | D:9      | Identified the +2 helmet "Haucyn" {rF+}
  6488 | D:9      | Reached skill level 11 in Ranged Weapons
  6488 | D:9      | Reached XP level 11. HP: 56/56 MP: 18/18
  6531 | D:9      | Reached skill level 12 in Ranged Weapons
  6620 | D:9      | Found a staircase to the Orcish Mines.
  6659 | D:9      | Reached skill level 13 in Ranged Weapons
  6970 | D:9      | Reached ** piety under Hepliaklqana
  6971 | D:9      | Remembered your ancestor Amnanu as a knight
  7095 | D:10     | Entered Level 10 of the Dungeon
  7095 | D:10     | Noticed Amaemon
  7103 | D:10     | Killed Amaemon
  7104 | D:10     | Reached skill level 14 in Ranged Weapons
  7210 | D:10     | Reached skill level 15 in Ranged Weapons
  7291 | D:10     | Noticed a two-headed ogre
  7297 | D:10     | Killed a two-headed ogre
  7366 | D:10     | Noticed Snorg
  7371 | D:10     | Killed Snorg
  7450 | D:10     | Found Qoyd's Changing Room.
  7457 | D:10     | Bought a book of Changes for 252 gold pieces
  7530 | D:10     | Learned a level 2 spell: Wereblood
  8030 | D:11     | Reached XP level 12. HP: 64/64 MP: 19/19
  8037 | D:11     | Noticed a two-headed ogre
  8041 | D:11     | Killed a two-headed ogre
  8057 | D:11     | Reached skill level 1 in Transmutations
  8100 | D:11     | You fall into a shaft and drop 1 floor!
  8184 | D:11     | Found a transporter.
  8202 | D:11     | Noticed a boulder beetle
  8209 | D:11     | Killed a boulder beetle
  8223 | D:11     | Got a humming book
  8455 | D:11     | Found a staircase to the Lair.
  8541 | D:11     | Found a transporter.
  8543 | D:11     | Noticed CalledCrash's ghost (journeyman HuWn)
  8561 | D:11     | Reached skill level 5 in Transmutations
  9046 | D:11     | Killed CalledCrash's ghost
  9136 | D:12     | Reached *** piety under Hepliaklqana
  9334 | D:12     | Noticed TheSexyCheese's ghost (journeyman GrFE)
  9365 | D:12     | Found a runed translucent door.
  9406 | D:12     | Noticed a boulder beetle
  9413 | D:12     | Killed a boulder beetle
  9651 | D:12     | Noticed a two-headed ogre
  9659 | D:12     | Killed a two-headed ogre
  9831 | D:12     | Reached XP level 13. HP: 71/72 MP: 17/20
 10260 | D:12     | Killed TheSexyCheese's ghost
 10406 | D:13     | Reached skill level 10 in Dodging
 10625 | D:13     | Noticed a seven-headed hydra
 10628 | D:13     | Killed a seven-headed hydra
 10714 | D:13     | Reached **** piety under Hepliaklqana
 10738 | D:13     | Noticed a four-headed hydra
 10744 | D:13     | Killed a four-headed hydra
 10760 | D:13     | Noticed a yaktaur captain
 10765 | D:13     | Killed a yaktaur captain
 10779 | D:13     | Found a gate to the Vaults.
 10945 | D:13     | Reached skill level 1 in Evocations
 10978 | D:13     | Noticed a centaur warrior
 10980 | D:13     | Killed a centaur warrior
 10987 | D:13     | Reached skill level 5 in Evocations
 11003 | D:13     | Reached XP level 14. HP: 77/77 MP: 21/21
 11759 | D:14     | Found a gate leading to a gauntlet.
 11765 | Gauntlet | Entered a Gauntlet
 11772 | Gauntlet | Found a transporter.
 11795 | Gauntlet | Found a transporter.
 11795 | Gauntlet | Found a transporter.
 11822 | Gauntlet | Found a transporter.
 11831 | Gauntlet | Found a runed translucent door.
 11835 | Gauntlet | Found a transporter.
 11836 | Gauntlet | Noticed a quicksilver ooze
 11874 | Gauntlet | Found a transporter.
 11909 | Gauntlet | Found a transporter.
 11909 | Gauntlet | Found a transporter.
 11971 | Gauntlet | Found the +2 cloak of the Thief {*Fog Slay-2 SInv Stlth+}
 12076 | Gauntlet | Reached skill level 1 in Invocations
 12085 | Gauntlet | Identified the +0 helmet of Honour {-Cast rElec Will+
                  | Str+3}
 12099 | Gauntlet | Noticed a minotaur
 12114 | Gauntlet | Demolished by a minotaur

Illustrated notes

Levels and vault maps discovered:
D:1:      heliophobic_arrival_ceremonial_halls, layout_basic
D:2:      layout_basic, serial_shops, nicolae_lakefront_shop, serial_curves,
          eino_curves_04, eino_curves_01, eino_curves_03, eino_curves_01,
          uniq_jessica, uniq_crazy_yiuf_cottage
D:3:      layout_loops_ring, grunt_temple_overflow_diamond
D:4:      layout_cave_pools
D:5:      layout_loops_ring, lightli_temple_of_fire, serial_shops,
          nicolae_shop_real_fake_doors, gammafunk_ghost_mausoleum, uniq_pikel,
          uniq_sigmund, uniq_ijyb
D:6:      layout_cave_pools, minmay_temple_entry_glassed_door, serial_shops,
          nicolae_shop_statue_plus, uniq_grinder, uniq_prince_ribbit1
D:7:      layout_rooms, jmf_multi_god_temple2, serial_shops,
          nicolae_shop_overgrown_old_shop
D:8:      layout_rooms
D:9:      layout_cave_pools, orc_0_dummy, uniq_erolcha
D:10:     layout_roguey, nicolae_transmutations_shop, uniq_snorg, uniq_amaemon
D:11:     layout_small_grid, grunt_lair_entry_orc_guard_hut,
          gammafunk_ghost_berserking_beasts
D:12:     layout_stronghold, hellmonk_ghost_happy_afterlife,
          minmay_misc_feat_room, nicolae_looking_at_the_future
D:13:     minmay_concentric_multi, layout_basic, david_vaults_2,
          minmay_fractal_squares_gapless_7
D:14:     layout_loops_ring, minmay_misc_feat_roman, gauntlet_entry_generic,
          serial_shops, shop, portal_ice_cave_entry_ice_simulacra
Temple:   lightli_temple_of_artemis
Gauntlet: minmay_gauntlet_mixed_big_or_small
          [gammafunk_gauntlet_arena_split_diamond,
          minmay_gauntlet_arena_77_museum, nicolae_gauntlet_arena_grate_2,
          minmay_gauntlet_arena_77_hold_the_fort, gammafunk_gauntlet_arena_grid,
          minmay_gauntlet_arena_77_path, gauntlet_exit_watery]

Skill      XL: |  1  2  3  4  5  6  7  8  9 10 11 12 13 14 |
---------------+-------------------------------------------+-----
Fighting       | 3 4 5 7 9 |  9.0
Ranged Weapons | 7 8 10 11 15 | 15.0
Spellcasting   | 1 5 |  5.1
Hexes          | 1 5 |  5.1
Dodging        | 5 12 | 12.0
Armour         | 4 8 |  8.0
Transmutations | 8 9 |  9.3
Evocations     | 5 9 |  9.0
Invocations    | 1 |  1.0
Stealth        | |  1.3

Action                     |  1- 3 |  4- 6 |  7- 9 | 10-12 | 13-15 || total
---------------------------+-------+-------+-------+-------+-------++-------
  Melee: Orcbow            |       |       |       |     6 |       ||     6
   Fire: Shortbow          |    76 |   160 |   195 |       |       ||   431
         Orcbow            |       |       |    40 |   345 |   183 ||   568
   Cast: Jinxbite          |       |       |     4 |    11 |     9 ||    24
         Wereblood         |       |       |       |     3 |     6 ||     9
 Invoke: Ancestor Life: Kn |       |       |       |     1 |       ||     1
         Recall Ancestor   |       |       |       |     1 |       ||     1
    Use: Scroll            |     5 |     4 |     8 |     3 |     3 ||    23
         Potion            |       |       |     1 |     3 |       ||     4
 Armour: Leather armour    |     9 |    29 |    85 |   117 |    35 ||   275
         Chain mail        |       |       |    36 |       |       ||    36
         Skin              |       |       |       |    12 |       ||    12
  Dodge: Dodged            |    19 |    47 |    83 |   316 |   110 ||   575

Table legend: (Time is in decaauts)
 A = Elapsed time spent in this place.
 B = Non-inter-level travel time spent in this place.
 C = Inter-level travel time spent in this place.
 D = Time resting spent in this place.
 E = Time spent auto-exploring this place.
 F = Levels seen in this place.
 G = Mean time per level.
                   A        B        C        D        E       F      G
               +--------+--------+--------+--------+--------+-----+--------+
         Total |  12296 |  11641 |    655 |    745 |   8843 |  16 |  768.5 |
       Dungeon |  11909 |  11288 |    621 |    745 |   8636 |  14 |  850.6 |
        Temple |     34 |      1 |     33 |      0 |      0 |   1 |   34.0 |
      Gauntlet |    352 |    352 |      0 |      0 |    207 |   1 |  352.0 |
               +--------+--------+--------+--------+--------+-----+--------+

Top non-repeatable levels by time:
    D:13: 1465 daAuts
    D:12: 1284 daAuts
     D:5: 1090 daAuts
     D:2: 1040 daAuts
    D:11: 1015 daAuts
     D:3: 990 daAuts
    D:10: 927 daAuts
     D:1: 794 daAuts
     D:6: 780 daAuts
     D:9: 727 daAuts
     D:7: 693 daAuts
     D:4: 542 daAuts
     D:8: 530 daAuts
Gauntlet: 352 daAuts
  Temple: 34 daAuts
